 Dungeon Sprint DCSS version 0.23-a0-712-g3a644c0 (webtiles) character file.

59956 Lanoc the Demonic Blade (level 14, -11/136 HPs)
             Began as a Demonspawn Berserker on Jan 16, 2019.
             Was the Champion of Trog.
             Mangled by Mennas
             ... wielding a +4 sacred scourge of holy wrath
              (18 damage)
             ... in the Dungeon (Sprint IX: "|||||||||||||||||||||||||||||").
             The game lasted 00:25:42 (4439 turns).

Lanoc the Demonic Blade (Demonspawn Berserker)      Turns: 4439, Time: 00:25:43

Health: -11/136    AC: 24    Str: 34    XL:     14   Next: 55%
Magic:  14/14      EV: 26    Int:  9    God:    Trog [******]
Gold:   1879       SH:  6    Dex: 17    Spells: 13/13 levels left

rFire    + + +     SeeInvis .   y - +10 double sword of Trog {venom, +Blink rF++}
rCold    + . .     Gourm    .   C - +1 buckler {rF+}
rNeg     . . .     Faith    .   J - +2 shadow dragon scales
rPois    .         Spirit   .   E - +1 hat
rElec    .         Reflect  .   (no cloak)
rCorr    .         Harm     .   (no gloves)
MR       ++++.     NoTele   +   o - +0 pair of boots
Stlth    ++........             (no amulet)
HPRegen  1.32/turn              p - +6 ring of strength
MPRegen  0.14/turn              A - ring of protection from magic

@: mighty, agile, berserk cooldown, regenerating, hasted and slowed, glowing,
silenced
A: claws 2, rugged brown scales 2, cold resistance 1, powered by pain 2,
freezing cloud immunity
a: Renounce Religion, Evoke Blink


You were in the Dungeon.
You worshipped Trog.
Trog was exalted by your worship.
You were near starving.

You visited 1 branch You collected 1914 gold pieces.
You spent 35 gold pieces at shops.

Inventory:

Hand Weapons
 r - a +1 scimitar of flaming
 x - a +7 antimagic triple sword
 y - the +10 double sword of Trog (weapon) {venom, +Blink rF++}
   (Trog gifted it to you in the Dungeon)

   It poisons the flesh of those it strikes.
   It greatly protects you from fire.
   It lets you blink.
 F - a +4 great sword of flaming
Armour
 o - a +0 pair of boots (worn)
 C - a +1 buckler of fire resistance (worn)
 E - a +1 hat (worn)
 J - +2 shadow dragon scales (worn)
Jewellery
 p - a +6 ring of strength (left claw)
 A - a ring of protection from magic (right claw)
 B - an uncursed ring of see invisible
Wands
 m - a wand of iceblast (10)
Scrolls
 i - 6 scrolls of blinking
 l - 5 scrolls of remove curse
 n - a scroll of fog
 s - 4 scrolls of fear
 t - 2 scrolls of enchant weapon
 u - 8 scrolls of enchant armour
 z - a scroll of identify
Potions
 a - 2 potions of mutation
 d - 6 potions of curing
 e - a potion of invisibility
 g - 4 potions of magic
 h - 6 potions of berserk rage
 j - 5 potions of heal wounds
 k - 3 potions of brilliance
 v - a potion of flight
Comestibles
 b - 2 chunks of flesh
 c - 11 rations


   Skills:
 + Level 18.1 Fighting
 * Level 22.3 Long Blades
 + Level 16.8 Armour
 + Level 16.8 Dodging
 - Level 4.1 Shields


You had 13 spell levels left.
You didn't know any spells.
Your spell library was empty.

Dungeon Overview and Level Annotations

Branches:
Dungeon (1/1)

Altars:
Cheibriados
Dithmenos
Elyvilon
Fedhas
Gozag
Hepliaklqana
Kikubaaqudgha
Makhleb
Nemelex Xobeh
Okawaru
Qazlal
Ru
Sif Muna
Trog
Uskayaw
Vehumet
Wu Jian
Xom
Yredelemnul
Zin
The Shining One
Beogh
Jiyva
Lugonu

Shops:
D *[?%

Annotations:
D Mennas


Innate Abilities, Weirdness & Mutations

You have very sharp fingernails.
You are mostly covered in rugged brown scales. (AC +2, +5% HP)
Your flesh is cold resistant. (rC+)
You sometimes gain power by taking damage.
You are immune to freezing clouds.


Message History

You see here a runed great sword {god gift}.
Mennas hits you with a +4 sacred scourge of holy wrath.
You convulse.
Mennas hits you with a +4 sacred scourge of holy wrath.
You convulse.
Mennas hits you with a +4 sacred scourge of holy wrath!!
* * * LOW HITPOINT WARNING * * *
You convulse!
* * * LOW HITPOINT WARNING * * *
Mennas completely misses you.
Okay, then.
You feel yourself speed up.
Mennas hits you with a +4 sacred scourge of holy wrath!
* * * LOW HITPOINT WARNING * * *
You convulse!
* * * LOW HITPOINT WARNING * * *
Mennas hits you but does no damage. Mennas barely misses you.
Mennas closely misses you.
Mennas hits you with a +4 sacred scourge of holy wrath!!
You die...

,,,,,,,,,,,,,,,,,,,,,,,,,,,,,,,,,
*********************************
,,,,,,,,,,,,,,,,,,,,,+,,,,,,,,,,,
*********************************
,,,,,,,,,,,,,,,,,,,,,,,,,,,,,,,,,
*********************************
,,,,,,+,,,,,,,,,,,,,+,,,,,,,,,,,,
******▓▓▓▓▓▓▓▓▓▓▓▓▓▓♣♣♣♣♣♣♣♣♣♣♣♣♣
,,,,,,.......))A@...÷......÷.....
▓▓▓▓▓▓▓▓▓▓▓▓▓▓▓▓▓▓▓▓▓▓▓▓▓▓▓▓▓▓▓▓▓
.......))))))...[....[...........
▓▓▓▓▓▓▓▓▓▓▓▓▓▓▓▓▓▓▓▓▓▓▓▓▓▓▓▓▓▓▓▓▓
.................................
▓▓▓▓▓▓▓▓▓▓▓▓▓▓▓▓▓▓▓▓▓▓▓▓▓▓▓▓▓▓▓▓▓
)()†[...†...........)+))))))..)..
▓▓▓▓▓▓▓▓▓▓▓▓▓▓▓▓▓▓▓▓▓▓▓▓▓▓▓▓▓▓▓▓▓
.................................


You could see Mennas.

Vanquished Creatures
  Xtahua (D)
  Nikola (D)
  A sphinx (D)
  Kirke (D)
  A nagaraja (D)
  2 fire giants (D)
  2 vault wardens (D)
  3 very ugly things (D)
  An ironheart preserver (D)
  A vampire knight (D)
  2 fire dragons (D)
  An ogre mage (D)
  A yaktaur captain (D)
  A hydra (D)
  A hydra (shapeshifter) (D)
  An alligator (D)
  Erica (D)
  2 centaur warriors (D)
  A death yak (D)
  A tengu warrior (D)
  3 orc high priests (D)
  A salamander mystic (D)
  3 sea snakes (D)
  An unseen horror (shapeshifter) (D)
  4 orc knights (D)
  4 ironbrand convokers (D)
  A spriggan druid (D)
  2 cyclopes (D)
  A mana viper (D)
  3 orc sorcerers (D)
  A deep elf mage (D)
  3 wolf spiders (D)
  2 ugly things (D)
  An orb spider (D)
  A black mamba (D)
  A vault sentinel (D)
  Psyche (D)
  2 spiny frogs (D)
  A spiny frog (shapeshifter) (D)
  A freezing wraith (D)
  2 komodo dragons (D)
  A guardian mummy (D)
  2 trolls (D)
  A jumping spider (D)
  2 polar bears (D)
  A merfolk (D)
  A dream sheep (D)
  2 hippogriffs (D)
  5 slime creatures (D)
  2 snapping turtles (D)
  A shadow (D)
  A tarantella (D)
  3 redbacks (D)
  3 water elementals (D)
  Eustachio (D)
  A hog (D)
  A golden eye (shapeshifter) (D)
  2 vampire mosquitoes (D)
  A soldier ant (shapeshifter) (D)
  A naga (D)
  A soldier ant (D)
  2 water moccasins (D)
  3 porcupines (D)
  A swamp drake (D)
  A sky beast (D)
  6 black bears (D)
  9 orc warriors (D)
  An ogre (D)
  4 crocodiles (D)
  A wolf (D)
  A centaur (D)
  3 bullfrogs (D)
  A howler monkey (D)
  2 crimson imps (D)
  A jelly (D)
  2 orc priests (D)
  4 orc wizards (D)
  2 adders (D)
  A shadow imp (D)
  A worm (D)
  A dart slug (D)
  12 orcs (D)
  A hobgoblin (D)
  A ball python (D)
  2 goblins (D)
161 creatures vanquished.

Vanquished Creatures (collateral kills)
  A golden dragon (D)
  2 fire giants (D)
  An ironheart preserver (D)
  2 yaktaur captains (D)
  2 ice dragons (D)
  A spriggan air mage (D)
  An ogre mage (D)
  A deep troll earth mage (D)
  An orc high priest (D)
  A deep elf knight (D)
  2 naga ritualists (D)
  2 orc knights (D)
  An orc sorcerer (D)
  A wolf spider (shapeshifter) (D)
  A black mamba (D)
  A wind drake (shapeshifter) (D)
  A slime creature (D)
  A naga (D)
23 creatures vanquished.

Vanquished Creatures (others)
  A bog body (D)
  2 humans (D)
3 creatures vanquished.

Grand Total: 187 creatures vanquished

Notes
Turn   | Place    | Note
-------+----------+-------------------------------------------
     0 | D        | Lanoc the Demonspawn Berserker began the quest for the Orb.
     0 | D        | Reached XP level 1. HP: 18/18 MP: 1/1
    11 | D        | Reached skill level 3 in Long Blades
    13 | D        | Reached ** piety under Trog
   114 | D        | Noticed a crimson imp
   114 | D        | Noticed a howler monkey
   117 | D        | Gained mutation: You sometimes gain a little power by
                  | taking damage. [demonic ancestry]
   117 | D        | Reached XP level 2. HP: 24/24 MP: 2/2
   121 | D        | Reached *** piety under Trog
   123 | D        | Reached skill level 4 in Long Blades
   129 | D        | Killed a howler monkey
   129 | D        | Reached skill level 5 in Long Blades
   129 | D        | Gained mutation: You have sharp fingernails. [demonic
                  | ancestry]
   129 | D        | Reached XP level 3. HP: 21/31 MP: 3/3
   163 | D        | Reached XP level 4. HP: 38/38 MP: 4/4
   172 | D        | Found a roughly hewn altar of Beogh.
   172 | D        | Found a snail-covered altar of Cheibriados.
   172 | D        | Found a shadowy altar of Dithmenos.
   172 | D        | Found a white marble altar of Elyvilon.
   172 | D        | Found a blossoming altar of Fedhas.
   172 | D        | Found an opulent altar of Gozag.
   173 | D        | Found a hazy altar of Hepliaklqana.
   174 | D        | Found a viscous altar of Jiyva.
   175 | D        | Found an ancient bone altar of Kikubaaqudgha.
   176 | D        | Found a corrupted altar of Lugonu.
   177 | D        | Found a burning altar of Makhleb.
   178 | D        | Found a sparkling altar of Nemelex Xobeh.
   179 | D        | Found an iron altar of Okawaru.
   180 | D        | Found a stormy altar of Qazlal.
   181 | D        | Found a sacrificial altar of Ru.
   182 | D        | Found a deep blue altar of Sif Muna.
   183 | D        | Found a bloodstained altar of Trog.
   184 | D        | Found a hide-covered altar of Uskayaw.
   185 | D        | Found a radiant altar of Vehumet.
   186 | D        | Found an ornate altar of the Wu Jian Council.
   187 | D        | Found a shimmering altar of Xom.
   188 | D        | Found a basalt altar of Yredelemnul.
   189 | D        | Found a glowing silver altar of Zin.
   190 | D        | Found a glowing golden altar of the Shining One.
   239 | D        | Noticed an ogre
   239 | D        | Noticed a sky beast
   239 | D        | Noticed a centaur
   244 | D        | Killed an ogre
   244 | D        | Reached **** piety under Trog
   244 | D        | Reached skill level 5 in Fighting
   244 | D        | Reached skill level 6 in Long Blades
   244 | D        | Gained mutation: Your flesh is cold resistant. (rC+)
                  | [demonic ancestry]
   244 | D        | Reached XP level 5. HP: 46/46 MP: 5/5
   254 | D        | Killed a sky beast
   254 | D        | Reached skill level 7 in Long Blades
   254 | D        | Reached skill level 5 in Armour
   254 | D        | Reached skill level 5 in Dodging
   254 | D        | Gained mutation: You are partially covered in rugged brown
                  | scales. (AC +1, +3% HP) [demonic ancestry]
   254 | D        | Reached XP level 6. HP: 54/54 MP: 6/6
   257 | D        | Reached skill level 8 in Long Blades
   276 | D        | Reached ***** piety under Trog
   420 | D        | Noticed a hippogriff
   420 | D        | Noticed a cyclops
   420 | D        | Noticed a troll
   420 | D        | Noticed a centaur warrior
   420 | D        | Noticed a troll
   420 | D        | Noticed a soldier ant
   430 | D        | Killed a hippogriff
   430 | D        | Reached skill level 9 in Long Blades
   430 | D        | Reached XP level 7. HP: 61/61 MP: 7/7
   438 | D        | Killed a cyclops
   438 | D        | Reached skill level 10 in Long Blades
   446 | D        | Killed a troll
   446 | D        | Received a gift from Trog
   446 | D        | Gained mutation: You sometimes gain power by taking damage.
                  | [demonic ancestry]
   446 | D        | Reached XP level 8. HP: 52/72 MP: 8/8
   448 | D        | HP: 2/72 [centaur warrior (10)]
   454 | D        | Killed a centaur warrior
   454 | D        | Reached skill level 11 in Long Blades
   459 | D        | Killed a troll
   459 | D        | Reached skill level 12 in Long Blades
   459 | D        | Gained mutation: You are mostly covered in rugged brown
                  | scales. (AC +2, +5% HP) [demonic ancestry]
   459 | D        | Reached XP level 9. HP: 10/81 MP: 3/9
   867 | D        | Noticed a komodo dragon
   874 | D        | Reached skill level 10 in Fighting
   884 | D        | Received a gift from Trog
   896 | D        | Killed a komodo dragon
   898 | D        | Reached skill level 13 in Long Blades
  1071 | D        | Noticed a death yak
  1071 | D        | Noticed a komodo dragon
  1087 | D        | Killed a death yak
  1087 | D        | Reached ****** piety under Trog
  1089 | D        | Reached XP level 10. HP: 70/90 MP: 10/10
  1092 | D        | Received a gift from Trog
  1092 | D        | Reached skill level 10 in Armour
  1092 | D        | Reached skill level 10 in Dodging
  1105 | D        | Reached skill level 14 in Long Blades
  1326 | D        | Received a gift from Trog
  1356 | D        | Got a twisted double sword {god gift}
  1357 | D        | Identified the +10 double sword of Trog {venom, +Blink
                  | rF++} (Trog gifted it to you in the Dungeon)
  1472 | D        | Received a gift from Trog
  1503 | D        | Received a gift from Trog
  1610 | D        | Noticed an orc high priest
  1616 | D        | Killed an orc high priest
  1617 | D        | Noticed an orc knight
  1627 | D        | Killed an orc knight
  1627 | D        | Received a gift from Trog
  1627 | D        | Reached skill level 15 in Long Blades
  1632 | D        | Noticed an orc high priest
  1641 | D        | Killed an orc high priest
  1641 | D        | Gained mutation: You have very sharp fingernails. [demonic
                  | ancestry]
  1641 | D        | Reached XP level 11. HP: 70/100 MP: 11/11
  1749 | D        | Found Hocoupe's General Store.
  1749 | D        | Noticed an orc knight
  1749 | D        | Noticed an orc sorcerer
  1749 | D        | Noticed an orc high priest
  1750 | D        | Noticed an orc sorcerer
  1754 | D        | Noticed a sun demon
  1757 | D        | Killed an orc knight
  1764 | D        | Killed an orc sorcerer
  1764 | D        | Received a gift from Trog
  1767 | D        | Found Qoetoh's Armour Shoppe.
  1780 | D        | Killed an orc high priest
  1783 | D        | Found Fauseirph's Magic Scroll Emporium.
  1788 | D        | Noticed an orc sorcerer
  1791 | D        | Killed an orc sorcerer
  1792 | D        | Found Lohe's Food Shoppe.
  1793 | D        | Noticed an orc sorcerer
  1797 | D        | Killed an orc sorcerer
  1797 | D        | Received a gift from Trog
  1797 | D        | Reached skill level 16 in Long Blades
  1798 | D        | Noticed an orc knight
  1798 | D        | Noticed an orc high priest
  1800 | D        | Noticed an orc knight
  1802 | D        | Noticed an orc knight
  1807 | D        | Paralysed by an orc sorcerer for 6 turns
  1817 | D        | Killed an orc sorcerer
  1820 | D        | Killed an orc knight
  1824 | D        | Killed an orc high priest
  1827 | D        | Killed an orc knight
  1835 | D        | Killed an orc knight
  1835 | D        | Received a gift from Trog
  1880 | D        | Bought a scroll of magic mapping for 35 gold pieces
  2108 | D        | Noticed Erica
  2120 | D        | Killed Erica
  2477 | D        | Noticed a centaur warrior
  2477 | D        | Noticed an orc knight
  2486 | D        | Killed a centaur warrior
  2493 | D        | Killed an orc knight
  2493 | D        | Received a gift from Trog
  2502 | D        | Noticed a tengu warrior
  2504 | D        | Noticed an ice dragon
  2505 | D        | Noticed an ogre mage
  2508 | D        | Killed an unseen horror
  2508 | D        | Reached skill level 17 in Long Blades
  2520 | D        | Killed a tengu warrior
  2520 | D        | Reached XP level 12. HP: 91/111 MP: 12/12
  2528 | D        | Killed an ice dragon
  2528 | D        | Received a gift from Trog
  2530 | D        | Killed an ogre mage
  2536 | D        | Noticed a cyan very ugly thing
  2537 | D        | Noticed a satyr
  2537 | D        | a snapping turtle changed into a satyr
  2542 | D        | Noticed an alligator
  2542 | D        | a satyr changed into an alligator
  2544 | D        | Noticed a queen ant
  2544 | D        | an alligator changed into a queen ant
  2545 | D        | Killed a cyan very ugly thing
  2545 | D        | Noticed a five-headed hydra
  2545 | D        | a queen ant changed into a five-headed hydra
  2551 | D        | Killed a two-headed hydra
  2668 | D        | Noticed Psyche
  2674 | D        | Killed Psyche
  2699 | D        | Noticed Eustachio
  2707 | D        | Killed Eustachio
  2707 | D        | Received a gift from Trog
  2707 | D        | Reached skill level 1 in Shields
  2756 | D        | Noticed an alligator
  2774 | D        | Noticed an eight-headed hydra
  2775 | D        | Killed an alligator
  2787 | D        | Killed a five-headed hydra
  2787 | D        | Received a gift from Trog
  2787 | D        | Reached skill level 18 in Long Blades
  2864 | D        | Noticed a nagaraja
  2884 | D        | Killed a nagaraja
  2890 | D        | Received a gift from Trog
  3138 | D        | Reached skill level 15 in Fighting
  3152 | D        | Received a gift from Trog
  3337 | D        | Received a gift from Trog
  3337 | D        | Gained mutation: You are immune to freezing clouds.
                  | [demonic ancestry]
  3337 | D        | Reached XP level 13. HP: 102/121 MP: 13/13
  3345 | D        | Reached skill level 19 in Long Blades
  3628 | D        | Noticed a fire giant
  3628 | D        | Noticed a brown very ugly thing
  3628 | D        | Noticed a fire dragon
  3633 | D        | Noticed a red very ugly thing
  3634 | D        | Killed a fire giant
  3634 | D        | Received a gift from Trog
  3641 | D        | Noticed a vampire knight
  3645 | D        | Killed a red very ugly thing
  3649 | D        | Noticed a fire giant
  3654 | D        | Noticed a golden dragon
  3660 | D        | Killed a vampire knight
  3668 | D        | Killed a red very ugly thing
  3674 | D        | Killed a fire dragon
  3676 | D        | Got a blackened long sword {god gift}
  3677 | D        | Identified the +5 long sword "Kasmuss" {slice, rF- MR+
                  | Dex+5} (Trog gifted it to you in the Dungeon)
  3686 | D        | Received a gift from Trog
  3691 | D        | Killed a fire giant
  3691 | D        | Reached skill level 20 in Long Blades
  3697 | D        | Killed a golden dragon
  3697 | D        | Reached skill level 15 in Armour
  3697 | D        | Reached skill level 15 in Dodging
  3708 | D        | Received a gift from Trog
  3735 | D        | Noticed a fire dragon
  3750 | D        | Killed a fire dragon
  3890 | D        | Noticed a vault warden
  3898 | D        | Killed a vault warden
  3901 | D        | Received a gift from Trog
  3904 | D        | Noticed a vault warden
  3919 | D        | Killed a vault warden
  3919 | D        | Received a gift from Trog
  3921 | D        | Noticed an ironheart preserver
  3922 | D        | Received a gift from Trog
  3922 | D        | Reached skill level 21 in Long Blades
  3924 | D        | Noticed an ironheart preserver
  3930 | D        | Reached XP level 14. HP: 76/134 MP: 14/14
  3939 | D        | Noticed a fire giant
  3939 | D        | Killed an ironheart preserver
  3942 | D        | Noticed a fire giant
  3945 | D        | Received a gift from Trog
  3946 | D        | Killed an ironheart preserver
  3953 | D        | Killed a fire giant
  3958 | D        | Killed a fire giant
  3958 | D        | Received a gift from Trog
  3965 | D        | Noticed a sphinx
  3983 | D        | Killed a sphinx
  3983 | D        | Received a gift from Trog
  4206 | D        | Found the +13 scythe of Curses {drain, *Curse}
  4343 | D        | Noticed Kirke
  4355 | D        | Killed Kirke
  4369 | D        | Noticed Xtahua
  4381 | D        | Killed Xtahua
  4381 | D        | Reached skill level 22 in Long Blades
  4411 | D        | Noticed Nikola
  4412 | D        | Identified the +5 large shield of Leapfrog {*Drain rElec
                  | rC+ Int+4}
  4412 | D        | Noticed Mennas
  4419 | D        | Killed Nikola
  4419 | D        | Received a gift from Trog
  4439 | D        | Mangled by Mennas

Vault maps used:
D:        linesprint

Skill      XL: |  1  2  3  4  5  6  7  8  9 10 11 12 13 14 |
---------------+-------------------------------------------+-----
Long Blades    | 3 5 6 7 9 10 12 13 15 17 18 21 22 | 22.3
Armour         | 2 3 4 5 6 7 8 9 11 12 14 15 16 | 16.8
Dodging        | 2 3 4 5 6 7 8 9 11 12 14 15 16 | 16.8
Fighting       | 4 5 6 7 8 9 10 12 13 15 17 18 | 18.1
Shields        | 4 |  4.1

Action                   |  1- 3 |  4- 6 |  7- 9 | 10-12 | 13-15 || total
-------------------------+-------+-------+-------+-------+-------++-------
Melee: Falchion          |    44 |    45 |    14 |       |       ||   103
       Great sword       |       |       |    42 |    19 |       ||    61
       Long sword        |       |       |    16 |    14 |       ||    30
       Double sword      |       |       |       |   227 |   197 ||   424
       Scimitar          |       |       |       |    10 |       ||    10
Invok: Berserk           |     2 |     2 |     2 |     3 |     5 ||    14
       Trog's Hand       |     1 |       |       |     5 |     6 ||    12
       Brothers in Arms  |       |       |       |     3 |     3 ||     6
  Use: Potion            |     1 |       |     2 |     2 |     2 ||     7
       Scroll            |       |       |       |     1 |     1 ||     2
 Stab: Distracted        |       |       |       |     1 |       ||     1
  Eat: Chunk             |       |     2 |     4 |    14 |     8 ||    28
       Ration            |       |       |       |       |     1 ||     1
Armor: Animal skin       |     1 |       |       |       |       ||     1
       Plate armour      |       |    31 |    34 |    59 |       ||   124
       Shadow dragon sca |       |       |       |    42 |    38 ||    80
Dodge: Dodged            |    27 |    18 |    40 |   117 |    83 ||   285
Block: Buckler           |       |       |       |    11 |    34 ||    45
       Rpst.: Falchion   |     9 |     7 |     3 |       |       ||    19
       Great sword       |       |       |    10 |     2 |       ||    12
       Long sword        |       |       |     1 |     1 |     1 ||     3
       Double sword      |       |       |       |    19 |    12 ||    31
       Scimitar          |       |       |       |     2 |       ||     2

Table legend:
 A = Non-vault XP
 B = Vault XP
 C = Vault XP percentage of total XP
 D = Non-vault monster count
 E = Vault monster count
 F = Vault count percentage of total count
                 A         B        C        D         E       F
            +---------+---------+-------+---------+---------+-------
      Total |       0 |   85652 | 100.0 |       0 |     184 | 100.0
            +---------+---------+-------+---------+---------+-------
          D |       0 |   85652 | 100.0 |       0 |     184 | 100.0
            +---------+---------+-------+---------+---------+-------
